 Dungeon Crawl Stone Soup version 0.17-a0-1382-gc46a074 (webtiles) character file.

113 bal the Insei (level 4, 0/24 HPs)
             Began as a Vine Stalker Monk on June 15, 2015.
             Succumbed to poison (a potion of poison)
             ... on level 3 of the Dungeon.
             The game lasted 00:05:42 (1232 turns).

bal the Insei (Vine Stalker Monk)                   Turns: 1232, Time: 00:05:42

Health: 0/24       AC:  2    Str: 14    XL:     4   Next: 96%
Magic:  5/5        EV: 20    Int: 10    God:
Gold:   96         SH:  0    Dex: 22    Spells: 1 memorised, 2 levels left

rFire  . . .     SeeInvis .       - Unarmed
rCold  . . .     Clarity  .     a - +0 robe
rNeg   . . .     SustAt   .     (no shield)
rPois  .         Gourm    .     (no helmet)
rElec  .         Spirit   +     (no cloak)
rCorr  .         Warding  .     (no gloves)
rMut   .         Stasis   .     (no boots)
MR     .....                    (no amulet)
Stlth  ++++......               (no ring)
                                (no ring)

@: agile, lethally poisoned (0 -> -1), flying, very slightly contaminated,
hasted, very quick, not resistant to hostile enchantments, stealthy
A: fangs 2, regeneration 1, magic shield, antimagic bite, no device heal 3, rot
immunity
a: no special abilities


You were on level 3 of the Dungeon.
You were not hungry.

You visited 1 branch of the dungeon, and saw 3 of its levels.

You collected 96 gold pieces.

Inventory:

Missiles
 q - 11 poisoned needles
Armour
 a - a +0 robe (worn)
 r - a +2 robe of cold resistance
Scrolls
 c - a scroll of enchant weapon {unknown}
 e - 2 scrolls of random uselessness {unknown}
 i - 3 scrolls of identify {unknown}
 l - a scroll of fear {unknown}
 m - a scroll of remove curse {unknown}
Potions
 j - a potion of haste
Books
 k - a book of Callings

   Spells                             Type                      Level
   a - Summon Small Mammal            Summoning                    1
   b - Call Imp                       Summoning                    2
   c - Call Canine Familiar           Summoning                    3
   d - Summon Guardian Golem          Hexes/Summoning              3
   e - Summon Lightning Spire         Summoning/Air                4
   f - Summon Ice Beast               Ice/Summoning                4
Comestibles
 b - 4 bread rations
 d - a meat ration
 h - a royal jelly
 p - 6 chunks of flesh


   Skills:
 + Level 3.1 Fighting
 + Level 3.4 Dodging
 + Level 3.1 Stealth
 + Level 4.7 Unarmed Combat


You had 2 spell levels left.
You knew the following spells:

 Your Spells              Type           Power        Failure   Level  Hunger
a - Summon Small Mammal   Summ           #...         38%         1    ##.....


Dungeon Overview and Level Annotations

Branches:
Dungeon (3/15)

Altars:
Fedhas
The Shining One


Innate Abilities, Weirdness & Mutations

You have extremely sharp teeth.
Your natural rate of healing is unusually fast.
When hurt, damage is shared between your health and your magic reserves.
Your bite disrupts and absorbs the magic of your enemies.
Potions and wands cannot restore your health.
You are immune to rotting.


Message History

There is a lethal amount of poison in your body!
There is a lethal amount of poison in your body!
There is a lethal amount of poison in your body!
There is a lethal amount of poison in your body!
There is a lethal amount of poison in your body!
There is a lethal amount of poison in your body!
There is a lethal amount of poison in your body!
* * * LOW HITPOINT WARNING * * *
You feel sick.
* * * LOW HITPOINT WARNING * * *
You feel sick.
* * * LOW HITPOINT WARNING * * *
You feel sick.
* * * LOW HITPOINT WARNING * * *
You feel sick.
* * * LOW HITPOINT WARNING * * *
You feel sick.
* * * LOW HITPOINT WARNING * * *
You feel sick.
You die...

###..###.†.........##...#
#....#........#..###...#
#....#.#...####..# #...#
#....#.#..## #.####...#
##.........# #.##.....#
#.........######.#..#...#
.....)........##...##...#
..........##........#...#
..........##.##.@.#.....#
..........##.##..###....#
..........##.#..........#
.......>...)..)..####...#
.....<....#####..# #...#
..........# #.## #####
..........# ..#
..........# #$.#
.#...(..... ...#


There were no monsters in sight!

Vanquished Creatures
  5 gnolls
  2 adders (D:3)
  2 giant geckos
  An orc (D:3)
  2 giant cockroaches
  5 goblins
  4 hobgoblins
  8 kobolds
  A quokka (D:2)
  7 bats
  7 jackals (D:1)
  8 rats
52 creatures vanquished.

Notes
Turn   | Place    | Note
--------------------------------------------------------------
     0 | D:1      | bal the Vine Stalker Monk began the quest for the Orb.
     0 | D:1      | Reached XP level 1. HP: 11/11 MP: 2/2
    20 | D:1      | Reached XP level 2. HP: 13/16 MP: 3/3
   292 | D:1      | Reached XP level 3. HP: 20/20 MP: 4/4
   454 | D:1      | Found a glowing golden altar of the Shining One.
   839 | D:2      | Learned a level 1 spell: Summon Small Mammal
   935 | D:2      | You fall through a shaft!
   981 | D:3      | Reached XP level 4. HP: 20/24 MP: 5/5
   990 | D:3      | Found a blossoming altar of Fedhas.
  1227 | D:3      | HP: 1/24 [poison (a potion of poison)]
  1232 | D:3      | Succumbed to poison (a potion of poison)

Vault maps used:
D:1:      lightli_arrival_maybe_door_vault, tso_metal_star
D:2:      st_stairs_6, minmay_misc_feat_enclosed
D:3:      first_bread, ecumenical_altar_1, fedhas_altar_3, uniq_natasha

Action                   |  1- 3 |  4- 6 || total
-------------------------+-------+-------++-------
Melee: Unarmed           |   105 |    56 ||   161
  Use: Potion            |       |     6 ||     6
 Stab: Sleeping          |     3 |     1 ||     4
  Eat: Beef jerky        |       |     1 ||     1
       Chunk             |       |     1 ||     1
